 Dungeon Crawl Stone Soup version 0.18-a0-46-g45ca8e4 (webtiles) character file.

2657 SlimeFever the Zephyrmancer (level 9, 67/68 HPs)
             Began as a Pale Draconian Air Elementalist on Nov 6, 2015.
             Was a Believer of Vehumet.
             Starved to death
             ... while paralysed
             ... on level 7 of the Dungeon.
             The game lasted 01:25:08 (7638 turns).

SlimeFever the Zephyrmancer (DrAE)                  Turns: 7638, Time: 01:25:09

Health: 67/68      AC: 12    Str: 11    XL:     9   Next: 36%
Magic:  16/16      EV:  2    Int: 23    God:    Vehumet [**....]
Gold:   230        SH:  0    Dex: 14    Spells: 4 memorised, 11 levels left

rFire  . . .     SeeInvis .     U - +2 long sword (flame)
rCold  . . .     Clarity  .     (armour unavailable)
rNeg   . . .     SustAt   .     (no shield)
rPois  .         Gourm    +     (helmet restricted)
rElec  .         Spirit   .     (no cloak)
rCorr  .         Warding  .     v - +2 pair of gloves
rMut   .         Stasis   .     s - +1 pair of boots
MR     .....                    l - amulet of the gourmand
Stlth  ++........               c - +2 ring of dexterity
                                B - +5 ring of intelligence

@: paralysed, fainting, not resistant to hostile enchantments, unstealthy
A: breathe steam, unfitting armour, cold-blooded, AC +7
a: Breathe Steam, Renounce Religion


You were on level 7 of the Dungeon.
You worshipped Vehumet.
Vehumet was pleased with you.
You were fainting.

You visited 1 branch of the dungeon, and saw 7 of its levels.
You also visited: Ossuary.

You collected 338 gold pieces.
You spent 108 gold pieces at shops.

Inventory:

Hand Weapons
 a - a +1 falchion
 b - a +0 shortbow
 U - a +2 long sword of flaming (weapon)
Missiles
 d - 24 sling bullets
 f - 120 arrows
 i - 40 bolts
 k - 10 bolts of frost
 r - 5 poisoned tomahawks
 A - a throwing net (quivered)
 E - 16 arrows of dispersal
 S - 5 javelins
 T - 2 tomahawks
Armour
 s - a +1 pair of boots (worn)
 v - a +2 pair of gloves (worn)
Jewellery
 c - a +2 ring of dexterity (right hand)
 l - an amulet of the gourmand (around neck)
 p - an uncursed ring of protection from fire
 u - an uncursed amulet of rage
 B - a +5 ring of intelligence (left hand)
 K - a +4 ring of strength
Wands
 m - a wand of enslavement (12)
 y - a wand of digging (5)
 C - a wand of flame (15)
 F - a wand of paralysis (17)
 X - a wand of paralysis (18)
Scrolls
 h - a scroll of identify
 j - 3 scrolls of teleportation
 G - 2 scrolls of fear
 H - a scroll of blinking
 M - a scroll of enchant weapon
Potions
 g - a potion of magic
 n - a potion of invisibility {unknown}
 o - 2 potions of haste
 q - 3 potions of cure mutation
 t - 2 potions of mutation {unknown}
 x - 3 potions of curing
 z - a potion of might
 I - a potion of brilliance {unknown}
 J - 4 potions of heal wounds
 L - 2 potions of flight
 N - a potion of poison {unknown}
 O - 2 potions of resistance {unknown}
 P - a potion of lignification {unknown}
 W - a potion of ambrosia {unknown}
Books
 w - a book of the Warp

   Spells                             Type                      Level
   a - Recall                         Summoning/Translocation      3
   b - Gell's Gravitas                Hexes/Translocation          3
   c - Force Lance                    Conjuration/Translocation    4
   d - Phase Shift                    Translocation                5
   e - Warp Weapon                    Charms/Translocation         5
   f - Summon Forest                  Summoning/Translocation      5
 D - a book of Air

   Spells                             Type                      Level
   a - Shock                          Conjuration/Air              1
   b - Swiftness                      Charms/Air                   2
   c - Repel Missiles                 Charms/Air                   2
   d - Static Discharge               Conjuration/Air              3
   e - Lightning Bolt                 Conjuration/Air              5
Comestibles
 e - 3 bread rations
 Q - a slice of pizza
 R - 3 chunks of flesh
 V - a meat ration


   Skills:
 + Level 2.7 Fighting
   Level 1.0(2.1) Short Blades
 + Level 3.0(3.1) Long Blades
 + Level 5.3 Dodging
 + Level 2.2 Stealth
 + Level 5.2 Spellcasting
 + Level 5.4 Conjurations
 * Level 8.6 Air Magic


You had 11 spell levels left.
You knew the following spells:

 Your Spells              Type           Power        Failure   Level  Hunger
a - Shock                 Conj/Air       ####         1%          1    None
b - Swiftness             Chrm/Air       ####....     2%          2    None
c - Static Discharge      Conj/Air       #####...     1%          3    ##.....
d - Sting                 Conj/Pois      ###.         2%          1    None


Dungeon Overview and Level Annotations

Branches:
Dungeon (7/15)             Temple (0/1) D:4

Altars:
Dithmenos
Makhleb
Vehumet

Shops:
D:5 =   D:6 (}*   D:7 (

Annotations:
D:4 Crazy Yiuf; WhatIsLove's ghost, amateur FoFi


Innate Abilities, Weirdness & Mutations

You can breathe blasts of scalding, opaque steam.
Your pale cyan-grey scales are hard (AC +7).
Your body does not fit into most forms of armour.
You are cold-blooded and may be slowed by cold attacks.


Message History

The hungry ghost hits you.
You feel slightly more hungry.
You closely miss the hungry ghost.
Your tail-slap misses the hungry ghost.
The hungry ghost is almost destroyed.
The hungry ghost hits you.
You feel slightly more hungry.
You closely miss the hungry ghost.
The hungry ghost is almost destroyed.
The hungry ghost misses you. The hungry ghost closely misses you.
You closely miss the hungry ghost.
The hungry ghost is almost destroyed.
You lose consciousness!
The hungry ghost completely misses you. The hungry ghost hits you.
You feel slightly more hungry. The hungry ghost hits you.
You feel slightly more hungry. The hungry ghost hits you.
You feel slightly more hungry. The hungry ghost hits you.
You feel slightly more hungry. The hungry ghost barely misses you.
The hungry ghost hits you. The hungry ghost hits you.
You have starved to death.
You die...

....#.#.#......##.####...........
.#>..................+†..........
.#..#.#.###.......#.##.......###'
.#..#.#.# #.#######.##...........
#####.#.# #.#. ...#.##...........
....... #.#.###.#.##...........
##### #.#.......#............
..... .#.#...............#....
##### .......@W............[..
... .#.#....#.##........#### ##.
#.#....#.####.......... +
#.....?# +......#### # ########
#........ + #........#. #####
##.###...# # ..... .#. .#.#. ####


You could see a hungry ghost.

Vanquished Creatures
  The ghost of 4thArraOfDagon the Skirmisher, an amateur MiEn of Cheibriados (D:5)
  2 phantoms
  A sky beast (D:5)
  2 centaurs
  An ogre (D:5)
  2 giant frogs
  A wyvern skeleton (D:6)
  10 scorpions
  3 killer bees (D:7)
  A crimson imp (D:6)
  2 centaur zombies (Ossuary)
  4 wights (D:7)
  A hound (D:7)
  A giant frog skeleton (D:6)
  A jelly (D:5)
  2 giant frog zombies (D:6)
  4 human zombies (Ossuary)
  3 worker ants
  6 orc wizards
  A killer bee zombie (D:6)
  3 mummies (Ossuary)
  9 adders
  A worker ant zombie (D:6)
  4 gnolls (D:3)
  2 scorpion zombies (Ossuary)
  2 shadow imps (D:5)
  4 oozes
  3 worms
  An adder skeleton (D:6)
  2 giant geckos
  17 orcs
  3 gnoll zombies (Ossuary)
  2 hobgoblins
  7 jackals (D:3)
  10 kobolds
  A quokka (D:4)
  4 ball pythons
  3 bats
  6 giant cockroaches
  A giant gecko skeleton (D:7)
  A giant gecko zombie (D:6)
  8 goblins
  3 goblin zombies (Ossuary)
  3 hobgoblin zombies (Ossuary)
  A jackal skeleton (D:3)
  A jackal zombie (D:6)
  A kobold zombie (Ossuary)
  3 orc zombies (Ossuary)
  A quokka skeleton (D:6)
  2 rats
158 creatures vanquished.

Vanquished Creatures (others)
  A kobold zombie (Ossuary)
1 creature vanquished.

Grand Total: 159 creatures vanquished

Notes
Turn   | Place    | Note
--------------------------------------------------------------
     0 | D:1      | SlimeFever the Draconian Air Elementalist began the quest for the Orb.
     0 | D:1      | Reached XP level 1. HP: 14/14 MP: 3/3
   495 | D:1      | Reached XP level 2. HP: 20/20 MP: 1/5
   785 | D:2      | Learned a level 2 spell: Swiftness
  1257 | D:2      | Found a faded altar to an unknown god.
  1600 | D:3      | Reached XP level 3. HP: 10/26 MP: 4/6
  1952 | D:3      | Reached skill level 4 in Air Magic
  2044 | D:3      | Reached XP level 4. HP: 20/33 MP: 0/7
  2607 | D:3      | Learned a level 3 spell: Static Discharge
  3021 | D:4      | Reached XP level 5. HP: 39/39 MP: 4/9
  3044 | D:4      | Found a radiant altar of Vehumet.
  3073 | D:4      | Noticed WhatIsLove's ghost (amateur FoFi)
  3188 | D:4      | Became a worshipper of Vehumet
  3281 | D:4      | Found a burning altar of Makhleb.
  3774 | D:4      | Found a staircase to the Ecumenical Temple.
  3911 | D:4      | Found a shadowy altar of Dithmenos.
  4082 | D:4      | Reached XP level 6. HP: 30/46 MP: 0/10
  4299 | D:4      | Noticed Crazy Yiuf
  4464 | D:5      | Entered Level 5 of the Dungeon
  4525 | D:5      | Noticed 4thArraOfDagon's ghost (amateur MiEn)
  4615 | D:5      | Found a sand-covered staircase.
  4628 | Ossuary  | Entered an ossuary
  4832 | Ossuary  | Reached skill level 5 in Air Magic
  4843 | Ossuary  | Reached * piety under Vehumet
  4843 | Ossuary  | Offered knowledge of Sting by Vehumet.
  4847 | Ossuary  | Learned a level 1 spell: Sting
  5034 | Ossuary  | Your scales start taking on a pale cyan-grey colour.
  5034 | Ossuary  | Reached XP level 7. HP: 5/51 MP: 2/12
  5383 | Ossuary  | Reached skill level 6 in Air Magic
  5521 | Ossuary  | Reached skill level 1 in Fighting
  5566 | Ossuary  | Reached skill level 1 in Short Blades
  5914 | D:5      | Reached XP level 8. HP: 61/61 MP: 3/14
  6232 | D:5      | Reached skill level 1 in Long Blades
  6284 | D:5      | Reached skill level 7 in Air Magic
  6337 | D:5      | Found Feqegam's Jewellery Emporium.
  6458 | D:5      | Killed 4thArraOfDagon's ghost
  6573 | D:6      | Found Yninn's Antique Weapon Shop.
  6580 | D:6      | Offered knowledge of Searing Ray by Vehumet.
  6585 | D:6      | Reached ** piety under Vehumet
  6615 | D:6      | Found Seqo's Gadget Shoppe.
  6667 | D:6      | Reached skill level 5 in Spellcasting
  6793 | D:6      | Found Haenemih's Assorted Antiques.
  6851 | D:6      | Reached skill level 8 in Air Magic
  6851 | D:6      | Reached XP level 9. HP: 47/68 MP: 7/16
  6866 | D:6      | Reached skill level 5 in Dodging
  6952 | D:6      | Reached skill level 5 in Conjurations
  7233 | D:7      | Offered knowledge of Throw Frost by Vehumet.
  7428 | D:7      | Found Suriun's Antique Weapon Boutique.
  7431 | D:7      | Bought a runed long sword for 108 gold pieces
  7638 | D:7      | Starved to death

Vault maps used:
D:1:      evilmike_arrival_fibonacci_small, minmay_misc_feat_iff,
          serial_bayou_pond_e
D:2:      first_bread, ecumenical_altar_1
D:4:      vehumet_altar_wand_db, lemuel_crystal_altar,
          lemuel_coloured_pillars_altar, minmay_temple_entry_trees,
          uniq_crazy_yiuf_cottage
D:5:      serial_shops, shop_statue, nicolae_ossuary_entry_plus
D:6:      serial_undead, serial_undead_c, serial_undead_f, serial_undead_d,
          serial_undead_a, serial_shops, nicolae_shop_overgrown_old_shop, shop,
          nicolae_shop_window_shopping
D:7:      grunt_temple_overflow_open, serial_shops, kennysheep_mini,
          uniq_duvessa
Ossuary:  ossuary_minmay_scorpions

Action                   |  1- 3 |  4- 6 |  7- 9 || total
-------------------------+-------+-------+-------++-------
Melee: Unarmed           |    18 |       |       ||    18
       Short sword       |    82 |    13 |       ||    95
       Spear             |     8 |       |       ||     8
       Dagger            |       |   187 |    57 ||   244
       Falchion          |       |       |   159 ||   159
       Trident           |       |       |     1 ||     1
       Long sword        |       |       |    20 ||    20
Throw: Throwing net      |       |     1 |     1 ||     2
 Cast: Shock             |    54 |   105 |   190 ||   349
       Static Discharge  |       |    15 |    18 ||    33
       Swiftness         |       |     3 |       ||     3
 Abil: Breathe Steam     |       |       |     7 ||     7
  Use: Scroll            |     6 |     6 |     9 ||    21
       Potion            |       |     3 |       ||     3
 Stab: Sleeping          |     2 |     1 |       ||     3
  Eat: Bread ration      |     1 |     2 |     2 ||     5
       Fruit             |       |     3 |       ||     3
       Chunk             |       |       |     2 ||     2
